 Dungeon Crawl Stone Soup version 0.29.1-12-g30fa7ad0bf (webtiles) character file.

Game seed: 16007839445850819865

44 ThatPearl the Ducker (level 3, 0/28 HPs)
             Began as a Demonspawn Gladiator on Jan 3, 2023.
             Slain by Ijyb
             ... wielding a +0 club
              (2 damage)
             ... on level 3 of the Dungeon.
             The game lasted 00:02:32 (1328 turns).

ThatPearl the Ducker (Demonspawn Gladiator)         Turns: 1328, Time: 00:02:33

Health: 0/28       AC: -1    Str: 14    XL:     3   Next: 41%
Magic:  3/3        EV: 12    Int: 11    God:
Gold:   19         SH:  0    Dex: 14    Spells: 2/2 levels left

rFire   . . .      SeeInvis .   a - +0 war axe
rCold   . . .      Faith    .   (no shield)
rNeg    . . .      Spirit   .   b - +0 leather armour
rPois   +          Reflect  .   (helmet restricted)
rElec   .          Harm     .   (no cloak)
rCorr   .          Rampage  .   (no gloves)
Will    .....                   (no boots)
Stlth   +.........              h - amulet of magic regeneration
HPRegen 0.09/turn               c - ring of poison resistance
MPRegen 0.56/turn               (no ring)

@: corroded
A: antennae 1, magic regeneration
a: no special abilities


You were on level 3 of the Dungeon.
You visited 1 branch of the dungeon, and saw 3 of its levels.

You collected 19 gold pieces.

Inventory:

Hand Weapons
 a - a +0 war axe (weapon)
Missiles
 d - 3 throwing nets (quivered)
 e - a javelin
 g - 31 stones
Armour
 b - a +0 leather armour (worn)
Jewellery
 c - a ring of poison resistance (left hand)
 h - an amulet of magic regeneration (around neck)
Scrolls
 f - a scroll of brand weapon {unknown}
 i - a scroll of torment {unknown}
 j - 5 scrolls of identify {unknown}
 l - 2 scrolls of amnesia {unknown}
 m - a scroll of noise {unknown}
Potions
 k - a potion of heal wounds {unknown}


   Skills:
 + Level 2.7 Fighting
 + Level 3.2 Axes
 - Level 1.7 Throwing
 + Level 3.2 Dodging


You had 2 spell levels left.
You didn't know any spells.
Your spell library was empty.

Dungeon Overview and Level Annotations

Branches:
Dungeon (3/15)

Altars:

Annotations:
D:2 Sigmund
D:3 Ijyb


Innate Abilities, Weirdness & Mutations

You have a pair of small antennae on your head.
You regenerate magic rapidly.


Message History

Ijyb the Twisted Goblin comes into view.
She is wielding a +0 club and carrying a wand of acid (6).
The rat barely misses you.
You slash the rat!
You kill the rat!
Ijyb shouts!
Found a robe.
Ijyb hits you with a +0 club.
You hit Ijyb.
Ijyb is moderately wounded.
Ijyb hits you with a +0 club.
You hit Ijyb.
Ijyb is heavily wounded.
Ijyb closely misses you.
Ijyb zaps a wand.
The bolt of acid hits you. The acid corrodes you!
You miss Ijyb.
Ijyb is heavily wounded.
Ijyb screams, "It's all mine!"
Ijyb misses you.
You hit Ijyb but do no damage.
Ijyb is heavily wounded.
Ijyb hits you with a +0 club!
You barely miss Ijyb.
Ijyb is heavily wounded.
Ijyb zaps a wand.
The bolt of acid hits you!
* * * LOW HITPOINT WARNING * * *
Ijyb hits you with a +0 club.
* * * LOW HITPOINT WARNING * * *
You barely miss Ijyb.
Ijyb is heavily wounded.
Ijyb zaps a wand.
The bolt of acid misses you.
You closely miss Ijyb.
Ijyb is heavily wounded.
Ijyb barely misses you.
You hit Ijyb.
Ijyb is severely wounded.
Ijyb completely misses you. Ijyb barely misses you.
You hit Ijyb.
Ijyb is severely wounded.
Ijyb hits you with a +0 club.
You die...

.... ## ## ....
##.###.#
......######.......
..........#.†##.###.
....... #?.#.#...[..
.....$.##..#...#
.......#.##@#.#
#..##..#.g#...
#...<..##.# #.#
#..#.#..#.. ... ##
#.##.#.# #.. #..
...# #. ### ##.#
#... #..


You could see Ijyb.

Vanquished Creatures
  A dart slug (D:1)
  4 bats (D:1)
  2 endoplasms (D:1)
  3 giant cockroaches (D:1)
  3 goblins (D:1)
  4 hobgoblins
  2 jackals (D:2)
  2 quokkas
  6 ball pythons
  A frilled lizard (D:2)
  6 kobolds (D:1)
  5 rats
39 creatures vanquished.

Vanquished Creatures (others)
  A plant (D:1)
1 creature vanquished.

Grand Total: 40 creatures vanquished

Notes
Turn   | Place    | Note
-------+----------+-------------------------------------------
     0 | D:1      | ThatPearl the Demonspawn Gladiator began the quest for the
                  | Orb.
     0 | D:1      | Reached XP level 1. HP: 16/16 MP: 1/1
   122 | D:1      | Gained mutation: You regenerate magic rapidly. [demonic
                  | ancestry]
   122 | D:1      | Reached XP level 2. HP: 21/22 MP: 2/2
   516 | D:1      | Gained mutation: You have a pair of small antennae on your
                  | head. [demonic ancestry]
   516 | D:1      | Reached XP level 3. HP: 22/28 MP: 3/3
  1208 | D:2      | Noticed Sigmund
  1315 | D:3      | Noticed Ijyb
  1324 | D:3      | HP: 1/28 [Ijyb/+0 club (3)]
  1328 | D:3      | Slain by Ijyb

Illustrated notes

Levels and vault maps discovered:
D:1:      dpeg_arrival_fog, layout_loops_ring, serial_forest,
          infiniplex_forest_end_2, infiniplex_forest_clump_diagonal,
          infiniplex_forest_lined_room_, infiniplex_forest_straight_2,
          infiniplex_forest_lined_3, infiniplex_forest_straight_2, st_stairs_11
D:2:      layout_rooms, ebering_ecumenical_altar_box, uniq_sigmund
D:3:      layout_basic, nicolae_overflow_hidden_temple,
          mainiacjoe_overflow_brackets, nicolae_concentric_dashed_squares_mild,
          uniq_jessica, uniq_ijyb, uniq_natasha

Skill      XL: |  1  2 |
---------------+-------+-----
Dodging        | 3 |  3.2
Axes           | 3 |  3.2
Fighting       | |  2.7
Throwing       | |  1.7

Action                   || total
-------------------------++-------
Melee: War axe           ||   105
Armor: Leather armour    ||    42
Dodge: Dodged            ||    89
